 Dungeon Crawl Stone Soup version 0.30-a0-883-g5ad918d77d (webtiles) character file.

Game seed: 15357519429403185594

144 KarmaKiller the Trooper (level 5, 0/42 HPs)
             Began as a Demonspawn Berserker on Mar 15, 2023.
             Was a Believer of Trog.
             Slain by a goblin
             ... wielding a +0 club
             ... led by Robin
              (3 damage)
             ... on level 3 of the Dungeon.
             The game lasted 00:13:00 (2861 turns).

KarmaKiller the Trooper (Demonspawn Berserker)      Turns: 2861, Time: 00:13:01

Health: 0/42       AC:  5    Str: 19    XL:     5   Next: 5%
Magic:  5/5        EV: 12    Int: 11    God:    Trog [**....]
Gold:   29         SH:  0    Dex: 12    Spells: 4/4 levels left

rFire   . . .      SeeInvis .    q - +0 mace
rCold   . . .      Faith    .    (no shield)
rNeg    . . .      Spirit   .    j - +0 leather armour
rPois   .          Reflect  .    (no helmet)
rElec   .          Rampage  .    (no cloak)
rCorr   .                        m - +0 pair of gloves
Will    .....                    o - +0 pair of boots
Stlth   +                        (no amulet)
HPRegen 0.27/turn                (no ring)
MPRegen 0.09/turn                (no ring)

@: on berserk cooldown, slowed, very slow
A: claws 1, big brain 1, demonic magic 1
a: Renounce Religion, Berserk, Trog's Hand


You were on level 3 of the Dungeon.
You worshipped Trog.
Trog was pleased with you.
You visited 1 branch of the dungeon, and saw 3 of its levels.

You collected 29 gold pieces.

Inventory:

Hand Weapons
 b - a +0 dagger
 d - a +0 whip
 l - a +0 spear
 p - a +0 short sword
 q - a +0 mace (weapon)
Missiles
 e - 8 boomerangs (quivered)
 i - 2 poisoned darts
Armour
 a - a +0 animal skin
 j - a +0 leather armour (worn)
 m - a +0 pair of gloves (worn)
 o - a +0 pair of boots (worn)
Wands
 n - a wand of flame (22)
Scrolls
 f - a scroll of enchant weapon {unknown}
 k - a scroll of identify {unknown}
Potions
 c - 2 potions of mutation {unknown}
 g - 3 potions of might {unknown}
 h - a potion of brilliance {unknown}


   Skills:
 + Level 3.8 Fighting
 + Level 0.1 Short Blades
 + Level 1.1 Maces & Flails
 + Level 2.2 Armour
 + Level 2.4 Dodging
 + Level 0.9 Stealth
 + Level 3.6 Unarmed Combat


You had 4 spell levels left.
You didn't know any spells.
Your spell library was empty.

Dungeon Overview and Level Annotations

Branches:
Dungeon (3/15)

Altars:
Qazlal

Annotations:
D:3 Robin


Innate Abilities, Weirdness & Mutations

You have sharp fingernails.
You have an unusually large brain. (Int +2)
Spells you cast may paralyse adjacent enemies.


Message History

The puff of flame misses the hobgoblin.
The puff of flame hits Robin.
Robin is lightly wounded.
The hobgoblin no longer looks unusually strong.
The goblin hits you but does no damage. The goblin hits you with a +0 club.
* * * LOW HITPOINT WARNING * * *
The goblin barely misses you.
The hobgoblin hits you but does no damage. x2
The goblin hits you but does no damage. x2; The hobgoblin closely misses you.
The goblin hits you but does no damage. The hobgoblin misses you.
Aiming: Throw Flame
Press: ? - help, Shift-Dir - straight line, f/p - Robin
Aim: Robin, wielding a +0 short sword, wearing a +0 animal skin and wearing a +0 helmet (lightly wounded, 77% to hit)
The puff of flame hits the hobgoblin.
You kill the hobgoblin!
Trog accepts your kill.
The goblin no longer looks unusually strong. x3
The goblin barely misses you. The goblin hits you with a +0 dagger.
* * * LOW HITPOINT WARNING * * *
The goblin hits you but does no damage.
Robin roars a battlecry!
The goblins go into a battle-frenzy!
The hobgoblin hits you.
* * * LOW HITPOINT WARNING * * *
You hit the hobgoblin.
You kill the hobgoblin!
Trog accepts your kill. The goblin misses you. The goblin closely misses you.
The goblin barely misses you.
The hobgoblin hits you but does no damage.
The hobgoblin closely misses you. The goblin hits you but does no damage.
The goblin barely misses you.
You hit the goblin.
You kill the goblin!
Trog accepts your kill.
The goblin no longer looks unusually strong. x2
The hobgoblin no longer looks unusually strong.
The goblin hits you but does no damage. The goblin barely misses you.
The hobgoblin closely misses you. The hobgoblin barely misses you.
The goblin hits you with a +0 club.
You die...

### .... ### #+##
... ..# #...#
###.####.##?.... #
##.....##.#......
##.#.......#g.......
...#.......#gg......
......_..gg@.g.....
#.......#g#g.....
#.......#.# .....
##...).##.# ...#
#.####.####.# +##
#...........#
#####..###..#
#........#
#..#####.#


You could see Robin, 2 hobgoblins and 5 goblins.

Vanquished Creatures
  Natasha (thrice) (D:2)
  2 adders (D:2)
  A worm (D:2)
  2 dart slugs
  An orc (D:3)
  3 bats
  5 endoplasms
  2 giant cockroaches (D:2)
  5 goblins
  4 hobgoblins
  3 jackals (D:2)
  2 kobolds (D:2)
  2 quokkas
  4 ball pythons
  3 frilled lizards (D:2)
  3 rats
45 creatures vanquished.

Vanquished Creatures (others)
  32 plants (D:2)
32 creatures vanquished.

Grand Total: 77 creatures vanquished

Notes
Turn   | Place    | Note
-------+----------+-------------------------------------------
     0 | D:1      | KarmaKiller the Demonspawn Berserker began the quest for
                  | the Orb.
     0 | D:1      | Reached XP level 1. HP: 18/18 MP: 1/1
   420 | D:1      | Gained mutation: You have an unusually large brain. (Int
                  | +2) [demonic ancestry]
   420 | D:1      | Reached XP level 2. HP: 20/24 MP: 2/2
  1593 | D:2      | Noticed Natasha
  1596 | D:2      | Noticed a crimson imp
  1601 | D:2      | Killed Natasha
  1602 | D:2      | Gained mutation: Spells you cast may paralyse adjacent
                  | enemies. [demonic ancestry]
  1602 | D:2      | Reached XP level 3. HP: 29/29 MP: 3/3
  1995 | D:2      | Reached XP level 4. HP: 34/35 MP: 4/4
  2080 | D:2      | Noticed Natasha
  2094 | D:2      | Killed Natasha
  2231 | D:2      | Noticed Natasha
  2240 | D:2      | Killed Natasha
  2241 | D:2      | Reached skill level 1 in Maces & Flails
  2416 | D:2      | Reached ** piety under Trog
  2679 | D:2      | Gained mutation: You have sharp fingernails. [demonic
                  | ancestry]
  2679 | D:2      | Reached XP level 5. HP: 42/42 MP: 5/5
  2832 | D:3      | Found a stormy altar of Qazlal.
  2843 | D:3      | Noticed Robin
  2859 | D:3      | HP: 2/42 [hobgoblin[Robin] (5)]
  2861 | D:3      | Slain by a goblin

Illustrated notes

Levels and vault maps discovered:
D:1:      dpeg_arrival_water_fire, layout_rooms, serial_co_window_serial,
          co_window_paths_a, co_window_paths_b, co_window_paths_b,
          co_window_paths_b, co_window_corner_a, co_window_corner_b,
          co_window_of_opportunity_c, co_window_corner_b, co_window_4corner_a,
          co_window_paths_e
D:2:      layout_loops_cross, serial_bayou, serial_bayou_lagoon_b,
          serial_bayou_shore_b, serial_bayou_lagoon_a, serial_bayou_pond_c,
          st_stairs_3, uniq_natasha
D:3:      layout_loops_corners, fedhas_ov_isle_minmay, old_standard_altar,
          shapermc_ecumenical_altar_petra, uniq_robin, uniq_terence

Skill      XL: |  1  2  3  4 |
---------------+-------------+-----
Unarmed Combat | 3 |  3.6
Dodging        | 2 |  2.4
Armour         | 2 |  2.2
Maces & Flails | 1 |  1.1
Fighting       | |  3.8
Short Blades   | |  0.1
Stealth        | |  0.9

Action                     |  1- 3 |  4- 6 || total
---------------------------+-------+-------++-------
  Melee: Unarmed           |    17 |       ||    17
         Dagger            |     9 |       ||     9
         Punch             |     4 |     3 ||     7
         Whip              |    65 |    42 ||   107
         Mace              |       |    13 ||    13
 Invoke: Berserk           |     3 |     3 ||     6
  Evoke: Wand              |       |     2 ||     2
   Stab: Sleeping          |       |     1 ||     1
 Armour: Animal skin       |     8 |       ||     8
         Leather armour    |    11 |    27 ||    38
  Dodge: Dodged            |    69 |    49 ||   118

Table legend: (Time is in decaauts)
 A = Elapsed time spent in this place.
 B = Non-inter-level travel time spent in this place.
 C = Inter-level travel time spent in this place.
 D = Time resting spent in this place.
 E = Time spent auto-exploring this place.
 F = Levels seen in this place.
 G = Mean time per level.
                   A        B        C        D        E       F      G
               +--------+--------+--------+--------+--------+-----+--------+
         Total |   2921 |   2921 |      0 |    477 |      0 |   3 |  973.7 |
       Dungeon |   2921 |   2921 |      0 |    477 |      0 |   3 |  973.7 |
               +--------+--------+--------+--------+--------+-----+--------+

Top non-repeatable levels by time:
     D:1: 1591 daAuts
     D:2: 1293 daAuts
     D:3: 37 daAuts
